AoeStats
← sales96

Arena

510580348Analyzed
2v2 RM · 2d ago on Oct 1, 2026· 15m 46s· 4 players
Game mode
Random Map
Map size
Medium (4 player)
Population
200
Speed
Normal
Resources
Standard
Victory
Conquest
Starting age
Dark Age
Ending age
Imperial Age
RankedLock teamsTeams togetherTeam positionsShared explorationLock speedFull tech treeHidden civsTurbo modeCheats
Victory
Defeat
🇪🇸 Cumans · Spain
1695
+11
🇪🇸 Armenians · Spain
1687
+12
🇹🇷 Romans · Türkiye
1622
-12
🇦🇷 Varangians · Argentina
1566
-11
ÇARMENDIR BEY
5:05 Loom
9:37 Feudal Age
14:07 Castle Age
sales96
10:36 Feudal Age
11:51 Loom
14:33 Castle Age
13:34 Double-Bit Axe
13:30 Horse Collar
Creisi48
6:10 Loom
9:01 Feudal Age
9:45 Man-at-Arms
10:14 Double-Bit Axe
10:26 Long Swordsman
12:33 Scale Mail Armor
Aleixofempires
6:34 Loom
9:26 Feudal Age
10:08 Double-Bit Axe
Connection lost

Rejoining the realm…

Still unreachable

The connection could not be restored.

Session expired

The server has moved on; the page needs a fresh start.